 Dungeon Crawl Stone Soup version 0.18.1-48-g4cf74bf (webtiles) character file.

179 dearth the Skirmisher (level 5, -7/48 HPs)
             Began as a Minotaur Fighter on Aug 8, 2016.
             Was an Initiate of Okawaru.
             Killed by divine providence
             ... invoked by an orc priest
              (10 damage)
             ... on level 3 of the Dungeon.
             The game lasted 00:05:28 (2092 turns).

dearth the Skirmisher (Minotaur Fighter)            Turns: 2092, Time: 00:05:30

Health: -7/48      AC:  6    Str: 22    XL:     5   Next: 32%
Magic:  4/4        EV:  7    Int:  5    God:    Okawaru [......]
Gold:   90         SH:  9    Dex:  9    Spells: 0 memorised, 4 levels left

rFire  . . .     SeeInvis .     a - +0 flail
rCold  . . .     Gourm    .     b - +0 scale mail
rNeg   . . .     Faith    .     c - +0 shield
rPois  +         Spirit   .     (helmet restricted)
rElec  .         Dismiss  .     (no cloak)
rCorr  .         Reflect  .     (no gloves)
SustAt .         Harm     .     (no boots)
MR     .....                    (no amulet)
Stlth  ..........               (no ring)
                                w - ring of poison resistance

@: not resistant to hostile enchantments, extremely unstealthy
A: retaliatory headbutt, horns 2
a: Renounce Religion


You were on level 3 of the Dungeon.
You worshipped Okawaru.
Okawaru was noncommittal.
You were not hungry.

You visited 1 branch of the dungeon, and saw 3 of its levels.

You collected 90 gold pieces.

Inventory:

Hand Weapons
 a - a +0 flail (weapon)
Armour
 b - a +0 scale mail (worn)
 c - a +0 shield (worn)
Jewellery
 w - a ring of poison resistance (left hand)
Scrolls
 e - 2 scrolls of identify {unknown}
 g - a scroll of random uselessness {unknown}
 h - a scroll of magic mapping {unknown}
 l - 2 scrolls of remove curse {unknown}
 n - 4 scrolls of fog {unknown}
 o - a scroll of noise {unknown}
 p - a scroll of teleportation {unknown}
 q - a scroll of immolation {unknown}
 u - a scroll of fear {unknown}
 v - a scroll of recharging {unknown}
Potions
 d - a potion of might
 j - a potion of lignification {unknown}
 m - a potion of flight {unknown}
 r - a potion of degeneration {unknown}
 t - a potion of curing {unknown}
Comestibles
 f - 2 bread rations
 i - 7 fruits
 k - 2 slices of pizza
 s - a meat ration


   Skills:
 + Level 5.5 Fighting
 + Level 5.2 Maces & Flails
 - Level 3.6 Armour
 - Level 3.6 Shields


You had 4 spell levels left.
You didn't know any spells.

Dungeon Overview and Level Annotations

Branches:
Dungeon (3/15)

Altars:
Elyvilon
Okawaru
Pakellas


Innate Abilities, Weirdness & Mutations

You reflexively headbutt those who attack you in melee.
You have a pair of horns on your head.


Message History

Okawaru accepts your kill.
The orc priest mumbles some strange prayers to Beogh against you.
Beogh smites you!
* * * LOW HITPOINT WARNING * * *
You hit the orc priest.
You kill the orc priest!
Okawaru accepts your kill.
The orc throws a stone.
You block the stone.
The orc throws a stone.
The stone hits you but does no damage.
Unknown command.
The orc hits you.
* * * LOW HITPOINT WARNING * * *
Things that are here:
a club; a hand axe; a leather armour You hit the orc but do no damage.
Your headbutt misses the orc. The orc hits you.
* * * LOW HITPOINT WARNING * * *
The orc priest mumbles some strange prayers to Beogh against you.
Beogh smites you!
You die...

......................#
##....................#
#....................#
#######.#............#
#..#####.......# ...
##.###### .##. #.# #(#
#@# #o# #o# #o# #(# #(#
#(# #'# .o.


You could see an orc priest and 2 orcs.

Vanquished Creatures
  2 orc priests (D:3)
  2 adders
  An ooze (D:3)
  5 worms
  A dart slug (D:1)
  2 giant geckos
  4 orcs (D:3)
  3 giant cockroaches
  10 goblins
  5 hobgoblins
  5 jackals
  8 kobolds
  2 quokkas
  A ball python (D:2)
  13 bats
  4 giant newts
  7 rats
75 creatures vanquished.

Vanquished Creatures (others)
  A hobgoblin (D:2)
  3 jackals (D:2)
4 creatures vanquished.

Grand Total: 79 creatures vanquished

Notes
Turn   | Place    | Note
--------------------------------------------------------------
     0 | D:1      | dearth the Minotaur Fighter began the quest for the Orb.
     0 | D:1      | Reached XP level 1. HP: 19/19 MP: 0/0
   340 | D:1      | Reached XP level 2. HP: 27/27 MP: 1/1
   693 | D:1      | Reached XP level 3. HP: 28/33 MP: 2/2
  1322 | D:2      | Found a white marble altar of Elyvilon.
  1382 | D:2      | Found an oddly glowing altar of Pakellas.
  1382 | D:2      | Found an iron altar of Okawaru.
  1386 | D:2      | Became a worshipper of Warmaster Okawaru
  1581 | D:2      | Reached XP level 4. HP: 39/41 MP: 3/3
  1853 | D:3      | Reached skill level 5 in Fighting
  1853 | D:3      | Reached skill level 5 in Maces & Flails
  1996 | D:3      | Reached XP level 5. HP: 42/48 MP: 4/4
  2092 | D:3      | Killed from afar by an orc priest

Skill      XL: |  1  2  3  4 |
---------------+-------------+-----
Fighting       | 4 5 |  5.5
Maces & Flails | 3 4 5 |  5.2
Armour         | |  3.6
Shields        | |  3.6

Action                   |  1- 3 |  4- 6 || total
-------------------------+-------+-------++-------
Melee: Flail             |   118 |    54 ||   172
       Headbutt          |    13 |    10 ||    23
  Eat: Chunk             |     2 |     2 ||     4
Armor: Scale mail        |    80 |    18 ||    98
Dodge: Dodged            |    51 |    12 ||    63
Block: Shield            |    81 |    25 ||   106
